 Dungeon Crawl Stone Soup version 0.14-a0-586-g2535b90 (webtiles) character file.

330 PolkaDot the Gusty (level 5, -12/35 HPs)
             Began as a Vampire Air Elementalist on Nov 4, 2013.
             Mangled by a wyvern (14 damage)
             ... on Level 4 of the Dungeon.
             The game lasted 00:18:25 (3818 turns).

PolkaDot the Gusty (Vampire Air Elementalist)       Turns: 3818, Time: 00:18:26

HP -12/35        AC  2     Str  7      XL: 5   Next: 65%
MP   6/11        EV 12     Int 17      God:
Gold 109         SH  0     Dex 15      Spells:  3 memorised,  3 levels left

Res.Fire  : . . .   See Invis. : +   p - staff of wizardry (curse)
Res.Cold  : . . .   Warding    : .   a - +0 robe
Life Prot.: + . .   Conserve   : .   (no shield)
Res.Poison: .       Res.Corr.  : .   (no helmet)
Res.Elec. : .       Clarity    : .   (no cloak)
Sust.Abil.: . .     Spirit.Shd : .   (no gloves)
Res.Mut.  : .       Stasis     : .   (no boots)
Res.Rott. : .       Flight     : .   (no amulet)
Saprovore : . . .                    (no ring)
                                     k - ring of protection from magic

@: quick, quite resistant to hostile enchantments, unstealthy
A: fangs 3, see invisible, unbreathing
a: Bat Form


You were on level 4 of the Dungeon.
You were not thirsty.

You visited 1 branch of the dungeon, and saw 4 of its levels.

You collected 109 gold pieces.

Inventory:

Hand weapons
 f - a +1,+1 dwarven short sword
 r - a +0,+1 vampiric short sword
Armour
 a - a +0 robe (worn)
Magical devices
 m - a wand of enslavement (5)
 t - a wand of flame (11)
Scrolls
 e - a scroll of identify
 g - a scroll of fog {unknown}
 h - a scroll of curse weapon {unknown}
 i - a scroll of teleportation {unknown}
 l - a scroll of enchant weapon II {unknown}
 n - a scroll of recharging {unknown}
 q - a scroll of amnesia {unknown}
 u - a scroll of magic mapping {unknown}
Jewellery
 k - a ring of protection from magic (left hand)
Potions
 c - 2 potions of restore abilities
 d - 3 potions of heal wounds
 j - a potion of mutation
Books
 b - a book of Air

   Spells                             Type                      Level
   *Shock                             Conjuration/Air              1
   *Swiftness                         Charms/Air                   2
   Repel Missiles                     Charms/Air                   2
   Flight                             Charms/Air                   3
   *Static Discharge                  Conjuration/Air              3
   Lightning Bolt                     Conjuration/Air              5
Magical staves
 p - a cursed staff of wizardry (weapon)


   Skills:
 - Level 1.6 Short Blades
 - Level 2.1 Dodging
 - Level 4.1 Stealth
 + Level 2.8 Spellcasting
 * Level 1.8 Conjurations
 + Level 4.2 Air Magic


You had 3 spell levels left.
You knew the following spells:

 Your Spells              Type           Power        Failure   Level  Hunger
a - Static Discharge      Conj/Air       ##......     6%          3    ###....
q - Swiftness             Chrm/Air       #.........   4%          2    ##.....
s - Shock                 Conj/Air       ##..         2%          1    #......


Dungeon Overview and Level Annotations

Branches:
Dungeon (4/27)
 Temple: D:4-7

Altars:
Vehumet


Innate Abilities, Weirdness & Mutations

You have razor-sharp teeth.*
You have supernaturally acute eyesight.
You can survive without breathing.*


Message History

Drink which item? (? for menu, Esc to quit)
Okay, then.
There is an open door here.
Casting: Static Discharge
Confirm with . or Enter, or press ? or * to list all spells.
The wyvern is struck by lightning.
The wyvern is moderately wounded.
The lightning arcs!
You are struck by lightning.
The lightning grounds out.
The wyvern bites you!
Ouch! That really hurt!
The wyvern bites you.
Drink which item? (? for menu, Esc to quit)
You feel much better. The wyvern bites you!
Casting: Static Discharge
Confirm with . or Enter, or press ? or * to list all spells.
You feel quick. The wyvern barely misses you. The wyvern bites you!
Ouch! That really hurt!
* * * LOW HITPOINT WARNING * * *
The wyvern bites you!
You die...

#...............#
#.......##..###.#
####.............#..
...#.....###..##.#..
#.##.......#..##.#..
...#....##.#.....#..
###?##....##.#........ # #
#.#.#.....#..#..#####.
#..#.#.#.#@....#.##... ..
##......#.D###.##.###.#####.
........'...................
##......######.##.#########.
####### #....# #. ###### ##


You could see a wyvern.

Vanquished Creatures
  An orc priest (D:3)
  A worker ant (D:3)
  4 gnolls (D:4)
  5 adders
  A giant mite (D:4)
  A worm (D:3)
  2 giant geckos
  An ooze (D:1)
  3 orcs (D:3)
  7 bats
  3 giant cockroaches
  9 hobgoblins
  6 kobolds
  9 giant newts
  9 goblins
  7 jackals (D:1)
  An orc skeleton (D:4)
  2 quokkas (D:3)
  9 rats
81 creatures vanquished.

Notes
Turn   | Place    | Note
--------------------------------------------------------------
     0 | D:1      | PolkaDot, the Vampire Air Elementalist, began the quest for the Orb.
     0 | D:1      | Reached XP level 1. HP: 13/13 MP: 4/4
   145 | D:1      | Reached XP level 2. HP: 11/19 MP: 5/5
   365 | D:1      | Reached skill level 1 in Short Blades
   514 | D:1      | Reached XP level 3. HP: 21/24 MP: 7/7
   516 | D:1      | Reached skill level 4 in Stealth
   833 | D:2      | Found a radiant altar of Vehumet.
   936 | D:2      | Learned a level 3 spell: Static Discharge
   939 | D:2      | Learned a level 2 spell: Swiftness
  1298 | D:2      | Reached XP level 4. HP: 27/30 MP: 1/9
  1726 | D:3      | Reached skill level 1 in Conjurations
  2605 | D:3      | Reached XP level 5. HP: 17/35 MP: 0/11
  3247 | D:4      | Noticed a wyvern
  3818 | D:4      | Mangled by a wyvern

Action                   |  1- 3 |  4- 6 || total
-------------------------+-------+-------++-------
Melee: Unarmed           |    10 |       ||    10
       Short sword       |    97 |       ||    97
       Staff             |    13 |    44 ||    57
 Cast: Shock             |    28 |    50 ||    78
       Static Discharge  |     2 |    27 ||    29
       Swiftness         |     1 |     1 ||     2
Evoke: Wand              |       |     2 ||     2
  Use: Potion            |       |     5 ||     5
       Scroll            |       |     5 ||     5
 Stab: Sleeping          |     1 |     2 ||     3
       Distracted        |     1 |       ||     1
